 Dungeon Crawl Stone Soup version 0.31-a0-38-g1548c4f2a5 (webtiles) character file.

Game seed: 10861570961102773400

40 senseless the Insei (level 3, -4/26 HPs)
             Began as a Demonspawn Transmuter on May 16, 2023.
             Slain by an orc
             ... wielding a +0 mace
              (7 damage)
             ... on level 2 of the Dungeon.
             The game lasted 00:06:13 (2075 turns).

senseless the Insei (Demonspawn Transmuter)         Turns: 2075, Time: 00:06:14

Health: -4/26      AC:  3    Str: 12    XL:     3   Next: 30%
Magic:  5/6        EV: 14    Int: 14    God:
Gold:   91         SH:  4    Dex: 13    Spells: 3/6 levels left

rFire   . .          .
                       - Unarmed
rCold   . . .        (no shield)
rNeg    + . .        a - +1 robe
rPois   .            g - melded +0 helmet
rElec   .            (no cloak)
rCorr   .            (no gloves)
SInv    .            (boots currently unavailable)
Will    .....        (no amulet)
Stlth   +            i - ring of positive energy
HPRegen 0.24/turn    (no ring)
MPRegen 0.10/turn

%: no passive effects
@: appendages (expiring)
A: horns 2, talons 2, repulsion field 1, condensation shield
a: End Transformation


You were on level 2 of the Dungeon.
You had temporarily grown beastly horns and talons.
You visited 1 branch of the dungeon, and saw 3 of its levels.

You collected 91 gold pieces.

Inventory:

Hand Weapons
 l - a +2 short sword of speed
Armour
 a - a +1 robe (worn)
 g - a +0 helmet (melded)
Jewellery
 i - a ring of positive energy (left hand)
Scrolls
 d - a scroll of identify {unknown}
 f - a scroll of enchant armour
 h - a scroll of poison
 m - a scroll of teleportation {unknown}
Potions
 b - a potion of lignification
 c - 2 potions of cancellation {unknown}
 e - 4 potions of might {unknown}
 j - a potion of ambrosia {unknown}
 k - 2 potions of curing {unknown}
 n - a potion of brilliance {unknown}


   Skills:
 + Level 1.5 Fighting
 + Level 2.1 Dodging
 + Level 3.0 Unarmed Combat
 + Level 2.2 Spellcasting
 + Level 2.1 Transmutations
 + Level 1.3 Invocations


You had 3 spell levels left.
You knew the following spells:

 Your Spells              Type           Power      Damage    Failure   Level
a - Beastly Appendage     Tmut           14%        N/A       10%         1
b - Wereblood             Tmut           7%         N/A       14%         2

Your spell library contained the following spells:

 Spells                   Type           Power      Damage    Failure   Level
 Apportation              Tloc           2%         N/A       24%         1
 Necrotise                Necr           4%         1d4       24%         1
 Summon Small Mammal      Summ           4%         N/A       24%         1
 Blink                    Tloc           2%         N/A       34%         2
 Lesser Beckoning         Tloc           2%         N/A       34%         2
 Momentum Strike          Conj/Tloc      2%         3d8       34%         2
 Poisonous Vapours        Pois/Air       2%         N/A       34%         2
 Spider Form              Tmut/Pois      4%         N/A       41%         3
 Call Canine Familiar     Summ           1%         N/A       56%         3
 Mephitic Cloud           Conj/Pois/Air  1%         N/A       56%         3
 Summon Guardian Golem    Hex/Summ       1%         N/A       56%         3
 Ice Form                 Ice/Tmut       4%         N/A       83%         4
 Freezing Cloud           Conj/Ice/Air   0%         6-21      100%        5


Dungeon Overview and Level Annotations

Branches:
Dungeon (3/15)

Altars:

Shops:
D:1 (:(=[


Innate Abilities, Weirdness & Mutations

You have temporarily grown beastly horns and talons.
You are surrounded by a mild repulsion field. (EV +2)
A meltable shield of frost defends you. (SH +4)


Message History

The orc wizard casts a spell.
The orc wizard flickers and vanishes!
Deactivating autopickup; reactivate with Ctrl-A.
The orc attacks as you move away! The orc hits you with a +0 mace.
* * * LOW HITPOINT WARNING * * *
The orc priest looks braver for a moment.
The orc attacks as you move away! You block the orc's attack.
The orc attacks as you move away! You block the orc's attack.
The orc priest looks encouraged for a moment.
The orc attacks as you move away! The orc barely misses you.
The orc attacks as you move away! The orc misses you.
You see here a bat corpse.
The orc attacks as you move away! The orc misses you.
The orc priest miscasts a cantrip.
The orc attacks as you move away! The orc misses you.
The orc attacks as you move away! The orc barely misses you.
There is a stone staircase leading up here.
The orc misses you.
You climb upwards.
Reactivating autopickup.
There is a stone staircase leading down here.
You are too injured to fight recklessly!
Casting: Beastly Appendage (safe; 10% risk of failure)
Confirm with . or Enter, or press ? or * to list all spells.
You grow a pair of large bovine horns.
Your feet morph into talons.
Your +0 helmet melds into your body.
The orc hits you with a +0 mace.
You closely miss the orc. Your kick misses the orc. The orc closely misses you.
You hit the orc.
The orc is lightly wounded.
The orc misses you.
You hit the orc but do no damage.
The orc is lightly wounded.
The orc hits you with a +0 mace.
* * * LOW HITPOINT WARNING * * *
You hit the orc but do no damage. Your kick misses the orc.
You headbutt the orc.
The orc is moderately wounded.
Your transformation is almost over.
The orc hits you with a +0 mace!
You die...

#######.####.#
#......<.....#
#.#####.####.# #.....#.#
#.# #####.#.# #.# #.#.#
#.# ######## #.#.# #.#
#....... #.#.# #.###
#....... #.#'## #@o.##
#....... #....# #.#..#
#....... #....###.##.#
#....... #....##.....###
#.......
#.#'###.......####.......
#.#.# #...#..............
#.#.# #...###......###...
#.#.# #...# #......###...
#.#.# #...# #............


You could see an orc.

Vanquished Creatures
  A worm (D:2)
  3 ball pythons
  2 endoplasms (D:2)
  3 giant cockroaches
  4 goblins
  2 hobgoblins (D:1)
  4 kobolds
  A quokka (D:2)
  7 bats
  2 frilled lizards
  4 rats
33 creatures vanquished.

Notes
Turn   | Place    | Note
-------+----------+-------------------------------------------
     0 | D:1      | senseless the Demonspawn Transmuter began the quest for the
                  | Orb.
     0 | D:1      | Reached XP level 1. HP: 15/15 MP: 3/3
   131 | D:1      | Found Xexott's Book Shop.
   151 | D:1      | Found Jorphuony's Weapon Boutique.
   214 | D:1      | Gained mutation: You are surrounded by a mild repulsion
                  | field. (EV +2) [demonic ancestry]
   214 | D:1      | Reached XP level 2. HP: 21/21 MP: 3/5
   390 | D:1      | Found Cuzutz's Antique Weapon Boutique.
   515 | D:1      | Found Qotha's Jewellery Shop.
   517 | D:1      | Found Ugun's Armour Shoppe.
   559 | D:1      | Reached skill level 1 in Invocations
  1569 | D:2      | Gained mutation: A meltable shield of frost defends you.
                  | (SH +4) [demonic ancestry]
  1569 | D:2      | Reached XP level 3. HP: 26/26 MP: 4/6
  1752 | D:2      | Reached skill level 3 in Unarmed Combat
  1969 | D:3      | Learned a level 2 spell: Wereblood
  2075 | D:2      | Slain by an orc

Illustrated notes

Levels and vault maps discovered:
D:1:      dpeg_arrival_simpleton_a, layout_basic, serial_rivers,
          chequers_serial_rivers_room_b, chequers_serial_rivers_micro_e,
          chequers_serial_rivers_micro_a, chequers_serial_rivers_small_a,
          chequers_serial_rivers_small_a, serial_shops, shop,
          nicolae_lakefront_shop, nicolae_shop_temple_entry_statues_fountains,
          nicolae_shop_crystal, shop_statue, minivault_4
D:2:      minmay_door_path, layout_basic
D:3:      layout_loops_cross, kennysheep_generic_room_10

Skill      XL: |  1  2  3 |
---------------+----------+-----
Dodging        | 2 |  2.1
Transmutations | 2 |  2.1
Invocations    | 1 |  1.3
Unarmed Combat | 3 |  3.0
Fighting       | |  1.5
Spellcasting   | |  2.2

Action                     || total
---------------------------++-------
  Melee: Unarmed           ||   101
         Kick              ||    21
         Headbutt          ||    12
   Cast: Beastly Appendage ||    31
    Use: Scroll            ||     5
   Stab: Sleeping          ||     4
 Armour: Robe              ||    14
  Dodge: Dodged            ||    82
  Block: Other             ||     3

Table legend: (Time is in decaauts)
 A = Elapsed time spent in this place.
 B = Non-inter-level travel time spent in this place.
 C = Inter-level travel time spent in this place.
 D = Time resting spent in this place.
 E = Time spent auto-exploring this place.
 F = Levels seen in this place.
 G = Mean time per level.
                   A        B        C        D        E       F      G
               +--------+--------+--------+--------+--------+-----+--------+
         Total |   2079 |   1997 |     82 |      0 |   1672 |   3 |  693.0 |
       Dungeon |   2079 |   1997 |     82 |      0 |   1672 |   3 |  693.0 |
               +--------+--------+--------+--------+--------+-----+--------+

Top non-repeatable levels by time:
     D:2: 1071 daAuts
     D:1: 872 daAuts
     D:3: 135 daAuts
